 Dungeon Crawl Stone Soup version 0.19.3-4-gbf9329e (webtiles) character file.

42 pib the Ruffian (level 3, -3/33 HPs)
             Began as a Naga Transmuter on Jan 30, 2017.
             Slain by a goblin
             ... wielding a cursed -1 club
             ... led by Robin
              (4 damage)
             ... on level 2 of the Dungeon.
             The game lasted 00:03:51 (1607 turns).

pib the Ruffian (Naga Transmuter)                   Turns: 1607, Time: 00:03:51

Health: -3/33      AC:  5    Str: 12    XL:     3   Next: 56%
Magic:  6/6        EV: 10    Int: 14    God:
Gold:   69         SH:  0    Dex: 11    Spells: 1 memorised, 5 levels left

rFire  . . .     SeeInvis +     l - +2 dagger (venom)
rCold  . . .     Gourm    .     b - +0 robe
rNeg   . . .     Faith    .     (no shield)
rPois  +         Spirit   .     q - +0 helmet
rElec  .         Reflect  .     g - +1 cloak
rCorr  .         Harm     .     (no gloves)
MR     .....                    (no barding)
Stlth  ++........               (no amulet)
                                (no ring)
                                (no ring)

@: very slow
A: see invisible, deformed body, poison resistance, slowness 2, slow metabolism
1, spit poison 1, AC +1
a: Spit Poison


You were on level 2 of the Dungeon.
You were not hungry.

You visited 1 branch of the dungeon, and saw 2 of its levels.

You collected 69 gold pieces.

Inventory:

Hand Weapons
 l - a +2 dagger of venom (weapon)
Missiles
 a - 12 arrows
Armour
 b - a +0 robe (worn)
 g - a +1 cloak (worn)
 q - a +0 helmet (worn)
Jewellery
 f - an uncursed ring of ice {unknown}
Scrolls
 e - a scroll of amnesia {unknown}
 i - a scroll of identify {unknown}
 j - a scroll of enchant armour {unknown}
 k - a scroll of blinking {unknown}
 m - a scroll of recharging {unknown}
Potions
 p - 2 potions of heal wounds {unknown}
Books
 c - a book of Changes

   Spells                             Type                      Level
   a - Beastly Appendage              Transmutation                1
   b - Sticks to Snakes               Transmutation                2
   c - Spider Form                    Transmutation/Poison         3
   d - Ice Form                       Ice/Transmutation            4
   e - Blade Hands                    Transmutation                5
Comestibles
 d - 2 bread rations
 n - a beef jerky


   Skills:
 * Level 2.8 Fighting
 - Level 1.5 Dodging
 + Level 2.1 Stealth
 - Level 3.1 Unarmed Combat
 - Level 2.0 Spellcasting
 - Level 2.0 Transmutations


You had 5 spell levels left.
You knew the following spells:

 Your Spells              Type           Power        Failure   Level  Hunger
a - Beastly Appendage     Tmut           #.....       12%         1    ##.....


Dungeon Overview and Level Annotations

Branches:
Dungeon (2/15)

Altars:
Gozag
Kikubaaqudgha
Ru
Xom

Annotations:
D:2 Robin


Innate Abilities, Weirdness & Mutations

You cannot wear boots.
Your serpentine skin is tough. (AC +1)
You have supernaturally acute eyesight. (SInv)
Armour fits poorly on your strangely shaped body.
Your system is resistant to poisons. (rPois)
You cover ground very slowly.
You have a slow metabolism.
You can spit poison.


Message History

The goblins go into a battle-frenzy!
The hobgoblin barely misses you. The goblin hits you but does no damage.
The goblin wields a hunting sling.
The goblin shoots a stone.
The stone misses you.
You see here a stone.
Robin throws the goblin at you! The goblin barely misses you.
The goblin hits you with a club.
* * * LOW HITPOINT WARNING * * *
The hobgoblin barely misses you. Robin throws the goblin at you!
The goblin unwields an uncursed hunting sling.
The goblin hits you but does no damage.
You hit the goblin.
You kill the goblin!
The goblin hits you but does no damage. The hobgoblin hits you.
* * * LOW HITPOINT WARNING * * *
The goblin hits you.
* * * LOW HITPOINT WARNING * * *
The goblin hits you with a club.
You die...

...#.###.######...#....[...#
...#.......................'
...###......##.....#.......#
...###......##.....#........
.............#(..#.########.
..........<..#..g#.#
......###....#.gg#.#
......###....#g.g#.#
.............#.g@#.#
..g..........#...#
.....g......####.#
.####.......# #.#
.####........ #.#
............ ... .####......
..g#.## ....g..... g....#
######### .....#


You could see Robin, 2 hobgoblins and 3 goblins.

Vanquished Creatures
  An adder (D:1)
  An ooze (D:1)
  A dart slug (D:1)
  A leopard gecko (D:2)
  A ball python (D:2)
  2 bats (D:1)
  7 goblins
  3 hobgoblins
  2 jackals (D:1)
  A kobold (D:1)
  A quokka (D:2)
  2 frilled lizards (D:1)
  A rat (D:1)
24 creatures vanquished.

Notes
Turn   | Place    | Note
-------+----------+-------------------------------------------
     0 | D:1      | pib the Naga Transmuter began the quest for the Orb.
     0 | D:1      | Reached XP level 1. HP: 18/18 MP: 3/3
   302 | D:1      | Found a shimmering altar of Xom.
   304 | D:1      | Found an opulent altar of Gozag.
   304 | D:1      | Found an opulent altar of Gozag.
   306 | D:1      | Found an opulent altar of Gozag.
   306 | D:1      | Found an ancient bone altar of Kikubaaqudgha.
   306 | D:1      | Found a sacrificial altar of Ru.
   428 | D:1      | Reached XP level 2. HP: 21/26 MP: 5/5
   919 | D:2      | Noticed Robin
   996 | D:1      | Reached skill level 1 in Stealth
   997 | D:1      | Reached XP level 3. HP: 15/33 MP: 6/6
  1606 | D:2      | HP: 1/33 [goblin[Robin] (3)]
  1607 | D:2      | Slain by a goblin

Skill      XL: |  1  2  3 |
---------------+----------+-----
Fighting       | 2 |  2.8
Stealth        | 1 2 |  2.1
Dodging        | |  1.5
Unarmed Combat | |  3.1
Spellcasting   | |  2.0
Transmutations | |  2.0

Action                   || total
-------------------------++-------
Melee: Unarmed           ||    26
       Dagger            ||    60
       Punch             ||     1
  Use: Potion            ||     1
 Stab: Sleeping          ||     1
  Eat: Chunk             ||     1
Armor: Robe              ||    53
Dodge: Dodged            ||    80
